Workbook

Sheet Introduction
B6: DOTAZNÍK PRO VÝBORY PRO AUDIT
B24: QUESTIONNAIRE FOR AUDIT COMMITTEES

Sheet Guidance

Sheet Questionnaire
B1: AUDIT COMMITTEE INDICATORS - CZECH REPUBLIC
B2: Name of the entity | D2: (insert name of the entity)
B3: Reference period | D3: (insert reference period)
B4: A | C4: Questionnaire population | D4: Options | E4: Answer
A5: 1 | B5: 1 | C5: Number of employees of the Audit Committee entity | D5: 1 to 9
D6: 10 to 49
D7: 50 to 249 | K7: Děkujeme RVDA
D8: 250 to 499
D9: More than 500
A10: 2 | B10: 2 | C10: Economic Activity of the Audit Committee entity | D10: Accommodation and food
D11: Consumer goods
D12: Energy
D13: Healthcare
D14: Financial services - Banking
D15: Financial services - Insurance
D16: Financial services - other
D17: Manufacturing
D18: Information technology
D19: Materials
D20: Real Estate
D21: Telecommunication
D22: Travel, Leisure & Hospitality
... D26: Comments
A27: 3 | B27: 3 | C27: Number of audit committee members | D27: 3
D28: 4
D29: 5
D30: >5
C32: Question Number as per AC questionnaire | D32: Question Sub-options
B33: I | C33: Interaction with the administrative or supervisory body
A34: 4A | B34: 1 | C34: How many times during the reference period did the audit committee meet with the administrative body and/or supervisory body of the entity to communicate on its activities, issues and related recommendations in respect to the statutory audit? (Art 39.6a of AUD) | D34: 1.0.a Total (Administrative Body)
D35: 1.1. Never
D36: 1.2. Once
D37: 1.3. Twice
D38: 1.4. 3 times
D39: 1.5. Quarterly
D40: 1.6. 5 times
D41: 1.7. 6 times
D42: 1.8. 7 times
D43: 1.9. 8 times
D44: 1.10 More than 8 times
D45: 1.11. Other items to be reported (please specify)
D46: Comments
A47: 4B | D47: 1.0.b Total (Supervisory Body)
D48: 1.1. Never
D49: 1.2. Once
D50: 1.3. Twice
D51: 1.4. 3 times
D52: 1.5. Quarterly
D53: 1.6. 5 times
D54: 1.7. 6 times
D55: 1.8. 7 times
D56: 1.9. 8 times
D57: 1.10 More than 8 times
D58: 1.11. Other items to be reported (please specify)
D59: Comments
A61: 5 | B61: 2 | C61: How did the audit committee communicate the outcome of the audit to the administrative and/or supervisory body of the entity? (Art 39.6.a of AUD) | D61: 2.0.a Total (Administrative Body)
D62: 2.1. Verbally in meetings where management was present
D63: 2.2 Verbally in meetings where management was not present
D64: 2.3 In a written report
D65: 2.4 N/A
D66: 2.5 Other (please specify)
D67: Comments
A68: 6 | D68: 2.0.b Total (Supervisory Body)
D69: 2.1. Verbally in meetings where management was present
D70: 2.2 Verbally in meetings where management was not present
D71: 2.3 In a written report
D72: 2.4 N/A
D73: 2.5 Other (please specify)
D74: Comments
A76: 7 | B76: 3 | C76: During meetings with the administrative or supervisory body, how much time was spent (in total percentage of hours) on matters related to the outcome and monitoring of the audit? | D76: 3.0. Total
D77: 3.1. Less than 10% of the total of audit committee meeting time
D78: 3.2. Between 10% and 25% of the total of audit committee meeting time
D79: 3.3. Between 25% and 50% of the total audit committee meeting time
D80: 3.4. More than 50% of the total audit committee meeting time
A82: 8 | B82: 4 | C82: Did the audit committee provide input or recommendations to the administrative or supervisory body in respect of the following areas? (please indicate number of audit committees where identified areas were discussed) | D82: 4.0. Total
D83: 4.1. Risk Management Analysis/Internal Controls
D84: 4.2. Regulatory compliance assessment
D85: 4.3. Cybersecurity
D86: 4.4. Funding & Liquidity Decisions
D87: 4.5. Preparation of financial statements
D88: 4.6. No input/recommendation made
D89: 4.7. Other areas for recommendation
B90: II | C90: Independence including permitted non-audit services and fees cap
A91: 9 | B91: 5 | C91: How did the audit committee monitor the independence of the statutory auditor(s)/audit firm during the reference period? (please indicate number of audit committees were identified type of monitoring occured) | D91: 5.0. Total
D92: 5.1. Written representation obtained from the statutory auditor(s) (or the audit firm(s)) confirming that the statutory auditor(s), the audit firm(s) and partners, senior managers and managers, conducting the statutory audit were independent of the entity
D93: 5.2. Formal discussion between the statutory auditor (or the audit firm) of the entity and the audit committee on the threats to the auditor's independence as well as safeguards applied to mitigate those threats (if so, at which date)
D94: 5.3. Use of a specific questionnaire to get more information from the statutory auditor (or audit firm)
D95: 5.4. The audit committee requested the information from entity management
D96: 5.5. The audit committee did not perform any action to monitor the independence
D97: 5.6. Other (please specify)
D98: Comments
C99: Provision of permitted non-audit services by the statutory auditor/audit firm (or any member of its network)
A100: 10 | B100: 6 | C100: Did the audit committee set further criteria limiting non audit services that would be permissible under the EU Audit Regulation or local legislation? | D100: 6.0. Total
D101: 6.1. Yes
D102: 6.2. No
A104: 11 | B104: 7 | C104: How many proposals did the statutory auditor(s)/audit firm (or any member of its network) submit to the entity, its parent and controlled undertakings, for the provision of non-audit services during the reference period? (Art 5.4 of AUR) | D104: 7.0. Total
D105: 7.1. 0
D106: 7.2. 1-3
D107: 7.3. 4-6
D108: 7.4. 7-9
...

Sheet Summary
C1: =Questionnaire!B2 -> Name of the entity | D1: =Questionnaire!D2 -> (insert name of the entity)
C2: =Questionnaire!B3 -> Reference period | D2: =Questionnaire!D3 -> (insert reference period)
A3: =Questionnaire!B5 -> 1 | B3: =VLOOKUP(A3,Questionnaire!A:E,2,0) -> 1 | C3: =VLOOKUP(A3,Questionnaire!A:E,3,0) -> Number of employees of the Audit Committee entity | D3: =VLOOKUP(A3,Questionnaire!A:E,5,0) -> 0
A4: =A3+1 -> 2 | B4: =VLOOKUP(A4,Questionnaire!A:E,2,0) -> 2 | C4: =VLOOKUP(A4,Questionnaire!A:E,3,0) -> Economic Activity of the Audit Committee entity | D4: =VLOOKUP(A4,Questionnaire!A:E,5,0) -> 0
A5: =A4+1 -> 3 | B5: =VLOOKUP(A5,Questionnaire!A:E,2,0) -> 3 | C5: =VLOOKUP(A5,Questionnaire!A:E,3,0) -> Number of audit committee members | D5: =VLOOKUP(A5,Questionnaire!A:E,5,0) -> 0
A6: 4A | B6: =VLOOKUP(A6,Questionnaire!A:E,2,0) -> 1 | C6: =VLOOKUP(A6,Questionnaire!A:E,3,0) -> How many times during the reference period did the audit committee meet with the administrative body and/or supervisory body of the entity to communicate on its activities, issues and related recommendations in respect to the statutory audit? (Art 39.6a of AUD) | D6: =IF(ISBLANK(VLOOKUP(A6,Questionnaire!A:E,5,0)),Questionnaire!E45,VLOOKUP(A6,Questionnaire!A:E,5,0)) -> 0
A7: 4B | B7: =VLOOKUP(A6,Questionnaire!A:E,2,0) -> 1 | C7: =VLOOKUP(A6,Questionnaire!A:E,3,0) -> How many times during the reference period did the audit committee meet with the administrative body and/or supervisory body of the entity to communicate on its activities, issues and related recommendations in respect to the statutory audit? (Art 39.6a of AUD) | D7: =IF(ISBLANK(VLOOKUP(A7,Questionnaire!A:E,5,0)),Questionnaire!E59,VLOOKUP(A7,Questionnaire!A:E,5,0)) -> 0
A8: 5 | B8: =VLOOKUP(A8,Questionnaire!A:E,2,0) -> 2 | C8: =VLOOKUP(A8,Questionnaire!A:E,3,0) -> How did the audit committee communicate the outcome of the audit to the administrative and/or supervisory body of the entity? (Art 39.6.a of AUD) | D8: =IF(ISBLANK(VLOOKUP(A8,Questionnaire!A:E,5,0)),Questionnaire!E66,VLOOKUP(A8,Questionnaire!A:E,5,0)) -> 0
A9: =A8+1 -> 6 | B9: =VLOOKUP(A8,Questionnaire!A:E,2,0) -> 2 | C9: =VLOOKUP(A8,Questionnaire!A:E,3,0) -> How did the audit committee communicate the outcome of the audit to the administrative and/or supervisory body of the entity? (Art 39.6.a of AUD) | D9: =IF(ISBLANK(VLOOKUP(A9,Questionnaire!A:E,5,0)),Questionnaire!E74,VLOOKUP(A9,Questionnaire!A:E,5,0)) -> 0
A10: =A9+1 -> 7 | B10: =VLOOKUP(A10,Questionnaire!A:E,2,0) -> 3 | C10: =VLOOKUP(A10,Questionnaire!A:E,3,0) -> During meetings with the administrative or supervisory body, how much time was spent (in total percentage of hours) on matters related to the outcome and monitoring of the audit? | D10: =VLOOKUP(A10,Questionnaire!A:E,5,0) -> 0
A11: =A10+1 -> 8 | B11: =VLOOKUP(A11,Questionnaire!A:E,2,0) -> 4 | C11: =VLOOKUP(A11,Questionnaire!A:E,3,0) -> Did the audit committee provide input or recommendations to the administrative or supervisory body in respect of the following areas? (please indicate number of audit committees where identified areas were discussed) | D11: =VLOOKUP(A11,Questionnaire!A:E,5,0) -> 0
A12: =A11+1 -> 9 | B12: =VLOOKUP(A12,Questionnaire!A:E,2,0) -> 5 | C12: =VLOOKUP(A12,Questionnaire!A:E,3,0) -> How did the audit committee monitor the independence of the statutory auditor(s)/audit firm during the reference period? (please indicate number of audit committees were identified type of monitoring occured) | D12: =VLOOKUP(A12,Questionnaire!A:E,5,0) -> 0
A13: =A12+1 -> 10 | B13: =VLOOKUP(A13,Questionnaire!A:E,2,0) -> 6 | C13: =VLOOKUP(A13,Questionnaire!A:E,3,0) -> Did the audit committee set further criteria limiting non audit services that would be permissible under the EU Audit Regulation or local legislation? | D13: =VLOOKUP(A13,Questionnaire!A:E,5,0) -> 0
A14: =A13+1 -> 11 | B14: =VLOOKUP(A14,Questionnaire!A:E,2,0) -> 7 | C14: =VLOOKUP(A14,Questionnaire!A:E,3,0) -> How many proposals did the statutory auditor(s)/audit firm (or any member of its network) submit to the entity, its parent and controlled undertakings, for the provision of non-audit services during the reference period? (Art 5.4 of AUR) | D14: =VLOOKUP(A14,Questionnaire!A:E,5,0) -> 0
A15: =A14+1 -> 12 | B15: =VLOOKUP(A15,Questionnaire!A:E,2,0) -> 7b | C15: =VLOOKUP(A15,Questionnaire!A:E,3,0) -> Please indicate the total fees relating to the provision of the proposed non-audit services as a percentage of total statutory audit fees | D15: =VLOOKUP(A15,Questionnaire!A:E,5,0) -> 0
A16: =A15+1 -> 13 | B16: =VLOOKUP(A16,Questionnaire!A:E,2,0) -> 8 | C16: =VLOOKUP(A16,Questionnaire!A:E,3,0) -> Were all these proposals for non-audit services examined by the audit committee? (Art 5.4 of AUR) | D16: =VLOOKUP(A16,Questionnaire!A:E,5,0) -> 0
A17: =A16+1 -> 14 | B17: =VLOOKUP(A17,Questionnaire!A:E,2,0) -> 8a | C17: =VLOOKUP(A17,Questionnaire!A:E,3,0) -> If no, why not? | D17: =VLOOKUP(A17,Questionnaire!A:E,5,0) -> 0
A18: =A17+1 -> 15 | B18: =VLOOKUP(A18,Questionnaire!A:E,2,0) -> 8a | C18: =VLOOKUP(A18,Questionnaire!A:E,3,0) -> If yes, how was the examination of the proposals for non-audit services organised? | D18: =VLOOKUP(A18,Questionnaire!A:E,5,0) -> 0
A19: =A18+1 -> 16 | B19: =VLOOKUP(A19,Questionnaire!A:E,2,0) -> 9 | C19: =VLOOKUP(A19,Questionnaire!A:E,3,0) -> Did the audit committee withhold the approval of any of these proposals for non-audit services during the reference period? (Art 5.4 of AUR)? | D19: =VLOOKUP(A19,Questionnaire!A:E,5,0) -> 0
A20: =A19+1 -> 17 | B20: =VLOOKUP(A20,Questionnaire!A:E,2,0) -> 9a | C20: =VLOOKUP(A20,Questionnaire!A:E,3,0) -> If yes, what proportion of the number of proposals for non-audit services (mentioned in Q7) did the audit committee withhold approval? | D20: =VLOOKUP(A20,Questionnaire!A:E,5,0) -> 0
A21: =A20+1 -> 18 | B21: =VLOOKUP(A21,Questionnaire!A:E,2,0) -> 9b | C21: =VLOOKUP(A21,Questionnaire!A:E,3,0) -> What were the reasons for withholding approval? | D21: =VLOOKUP(A21,Questionnaire!A:E,5,0) -> 0
... A52: =A51+1 -> 49 | B52: =VLOOKUP(A52,Questionnaire!A:E,2,0) -> 28a | C52: =VLOOKUP(A52,Questionnaire!A:E,3,0) -> What were the indicators/metrics used by the audit committee to support this assessment? | D52: =VLOOKUP(A52,Questionnaire!A:E,5,0) -> Comments
A53: 50A | B53: =VLOOKUP(A53,Questionnaire!A:E,2,0) -> 29 | C53: =VLOOKUP(A53,Questionnaire!A:E,3,0) -> How many times during the reference period did the audit committee meet the statutory auditor(s)/audit firm (for example to monitor the execution of the audit plan and/or discuss of any significant transactions/issues or changes in the business)? Please indicate separately the number of meetings attended where management were present. (Art 39.6d of AUD) | D53: =VLOOKUP(A53,Questionnaire!A:E,5,0) -> 0
A54: 50B | B54: =B53 -> 29 | C54: =C53 -> How many times during the reference period did the audit committee meet the statutory auditor(s)/audit firm (for example to monitor the execution of the audit plan and/or discuss of any significant transactions/issues or changes in the business)? Please indicate separately the number of meetings attended where management were present. (Art 39.6d of AUD) | D54: =VLOOKUP(A54,Questionnaire!A:E,5,0) -> 0
A55: 51 | B55: =VLOOKUP(A55,Questionnaire!A:E,2,0) -> 30 | C55: =VLOOKUP(A55,Questionnaire!A:E,3,0) -> Did the audit committee consider the inspection findings (if any) and conclusions made by national competent authorities (audit regulators) during their last inspection of the statutory auditor(s)/or audit firm? (Art 39.6d of AUD) | D55: =VLOOKUP(A55,Questionnaire!A:E,5,0) -> 0
A56: =A55+1 -> 52 | B56: =VLOOKUP(A56,Questionnaire!A:E,2,0) -> 30a | C56: =VLOOKUP(A56,Questionnaire!A:E,3,0) -> If applicable, how did the audit committee take into account the findings (if any) and conclusions made by national competent authorities during their last inspection of the statutory auditor(s)/or audit firm? | D56: =VLOOKUP(A56,Questionnaire!A:E,5,0) -> 0
A57: =A56+1 -> 53 | B57: =VLOOKUP(A57,Questionnaire!A:E,2,0) -> 30b | C57: =VLOOKUP(A57,Questionnaire!A:E,3,0) -> Where an inspection of the audit of the entity was undertaken by the National Competent Authority, where permitted in your jurisdiction, was the audit committee involved in any aspect of the inspection? | D57: =VLOOKUP(A57,Questionnaire!A:E,5,0) -> 0
A58: =A57+1 -> 54 | B58: =VLOOKUP(A58,Questionnaire!A:E,2,0) -> 31 | C58: =VLOOKUP(A58,Questionnaire!A:E,3,0) -> Did the audit committee discuss with the statutory auditor(s)/audit firm key matters arising from the statutory audit, in particular significant deficiencies in the audited entity's or, in the case of consolidated financial statements, the parent undertaking's internal financial control system and/or in the accounting system? (Art 11 of AUR) | D58: =VLOOKUP(A58,Questionnaire!A:E,5,0) -> 0
A59: =A58+1 -> 55 | B59: =VLOOKUP(A59,Questionnaire!A:E,2,0) -> 32 | C59: =VLOOKUP(A59,Questionnaire!A:E,3,0) -> How did the audit committee monitor the performance of the statutory audit of the annual and consolidated financial statements of the entity? Art 39.6.d) of AUD | D59: =VLOOKUP(A59,Questionnaire!A:E,5,0) -> 0
A60: =A59+1 -> 56 | B60: =VLOOKUP(A60,Questionnaire!A:E,2,0) -> 33 | C60: =VLOOKUP(A60,Questionnaire!A:E,3,0) -> Did the audit committee make a formal assessment of audit quality? | D60: =VLOOKUP(A60,Questionnaire!A:E,5,0) -> 0
A61: =A60+1 -> 57 | B61: =VLOOKUP(A61,Questionnaire!A:E,2,0) -> 33a | C61: =VLOOKUP(A61,Questionnaire!A:E,3,0) -> If yes, which criteria/metrics or other elements were used by the audit committee to assess audit quality? | D61: =VLOOKUP(A61,Questionnaire!A:E,5,0) -> 0
A62: =A61+1 -> 58 | B62: =VLOOKUP(A62,Questionnaire!A:E,2,0) -> 33b | C62: =VLOOKUP(A62,Questionnaire!A:E,3,0) -> Which specific tools were used by the audit committee to assess audit quality? | D62: =VLOOKUP(A62,Questionnaire!A:E,5,0) -> 0
A63: =A62+1 -> 59 | B63: =VLOOKUP(A63,Questionnaire!A:E,2,0) -> 34 | C63: =VLOOKUP(A63,Questionnaire!A:E,3,0) -> How did the audit committee monitor the effectiveness of the entity's internal quality control and risk management systems and, where applicable its internal audit function regarding the financial reporting of the audited entity? (Art 39.6c of AUD) | D63: =VLOOKUP(A63,Questionnaire!A:E,5,0) -> 0
A64: =A63+1 -> 60 | B64: =VLOOKUP(A64,Questionnaire!A:E,2,0) -> 35 | C64: =VLOOKUP(A64,Questionnaire!A:E,3,0) -> FINAL COMMENTS: Use this row to add information. Please note, this comment box is only for items that have not been reported in previous sections of the questionnaire. | D64: =VLOOKUP(A64,Questionnaire!A:E,5,0) -> Comments
